Devils vs Bruins

Created - 6 octobre 2020 at 19:43

Simulating a Pre-Season

Goals
1 2 3 T
Devils 3 1 2 6
Bruins 1 0 1 2
Shots
1 2 3 T
Devils 13 9 9 31
Bruins 6 2 12 20

1st period

1. Bruins , Vladimir Sobotka 1 (Brett Pesce 2, Brendan Lemieux 1) at 1:45
2. Devils , Travis Konecny 1 (Sam Reinhart 1, Mikhail Sergachev 2) at 5:42
3. Devils , Pavel Zacha 2 (Mikhail Sergachev 3, Tyler Bozak 2) at 17:21
4. Devils , Mike Hoffman 3 (Cale Makar 4, Damon Severson 2) at 17:37

Penalties :
Brian Dumoulin (BOS) for Holding (Minor) at 1:56, Pavel Zacha (NJD) for Holding (Minor) at 1:56, Marcus Foligno (BOS) for Slashing (Minor) at 6:27

2nd period

5. Devils , Chris Kreider 3 (Nicklas Backstrom 4) at 7:16

Penalties :
Marcus Sorensen (BOS) for High sticking (Minor) at 4:12, Jordie Benn (NJD) for Roughing (Minor) at 4:12, Mikhail Sergachev (NJD) for Interference (Minor) at 7:57, Alex Iafallo (BOS) for Hooking (Minor) at 10:01, Marcus Foligno (BOS) for Tripping (Minor) at 12:40

3rd period

6. Devils , Niklas Hjalmarsson 1 (Josh Bailey 3, Damon Severson 3) at 3:42
7. Bruins , Carl Hagelin 2 (Jordan Oesterle 2) at 7:58
8. Devils , Chris Kreider 4 (Josh Bailey 4, Nicklas Backstrom 5) at 16:38

Penalties :
Damon Severson (NJD) for Roughing (Minor) at 10:47

Goalie Stats

Jordan Binnington (NJD), 18 saves from 20 shots - (0,900), W, 1-1-0, 60:00 minutes
Michael Hutchinson (BOS), 13 saves from 17 shots - (0,765), L, 0-2-0, 27:16 minutes
Tristan Jarry (BOS), 12 saves from 14 shots - (0,857), 32:44 minutes

Players Stats for Devils

Player Name              G  A  P  +/- PIM S  H  SB GA TA FO     MP     PP MP  PK MP  
------------------------------------------------------------------------------------
Brian Boyle              0  0  0   0  0   1  1  0  0  0  5/8     8:08   0:00   1:44 
Bryan Little             0  0  0   0  0   2  1  0  0  0  0/0     5:57   0:00   0:00 
Cale Makar               0  1  1   1  0   1  1  0  0  0  0/0    10:57   2:16   0:00 
Chris Kreider            2  0  2   2  0   2  5  0  0  0  1/3    17:42   3:01   0:52 
Damon Severson           0  2  2   1  2   2  2  1  0  0  0/0    23:10   3:07   1:04 
Jordie Benn              0  0  0   0  2   0  3  2  0  0  0/0    16:45   0:00   2:10 
Josh Bailey              0  2  2   2  0   1  0  1  0  0  0/1    17:31   2:50   0:52 
Justin Schultz           0  0  0   2  0   2  1  0  0  0  0/0    20:08   0:00   2:07 
Mathieu Joseph           0  0  0   0  0   0  1  0  0  0  0/0     5:57   0:00   0:00 
Mike Hoffman             1  0  1   1  0   3  2  0  0  0  1/1    19:46   2:56   0:00 
Mikhail Sergachev        0  2  2   2  2   2  5  2  0  0  0/0    22:45   2:50   0:44 
Nicklas Backstrom        0  2  2   2  0   4  1  0  0  0  14/25  18:20   3:01   0:00 
Niklas Hjalmarsson       1  0  1   2  0   3  5  1  0  0  0/0    22:01   0:51   1:51 
Pavel Zacha              1  0  1   1  2   2  0  1  0  0  4/7    19:11   2:56   2:14 
Rocco Grimaldi           0  0  0   1  0   0  1  0  0  0  2/2    12:50   0:00   0:00 
Sam Reinhart             0  1  1   1  0   2  1  0  0  0  8/20   18:05   3:01   0:00 
Travis Konecny           1  0  1   1  0   3  3  0  0  0  0/0    17:43   2:56   0:00 
Tyler Bozak              0  1  1   1  0   1  1  1  0  0  16/21  15:04   0:00   2:14 

Players Stats for Bruins

Player Name              G  A  P  +/- PIM S  H  SB GA TA FO     MP     PP MP  PK MP  
------------------------------------------------------------------------------------
Adam Henrique            0  0  0  -2  0   6  1  0  0  0  10/22  18:13   0:00   1:05 
Alex Iafallo             0  0  0  -2  2   3  0  0  0  0  1/2    18:04   0:22   0:18 
Antoine Roussel          0  0  0   0  0   0  0  0  0  0  0/0     0:00   0:00   0:00 
Brady Skjei              0  0  0  -1  0   0  2  3  0  0  0/0    25:13   2:12   2:57 
Brendan Lemieux          0  1  1   0  0   0  3  0  0  0  0/1    14:40   1:43   3:00 
Brett Pesce              0  1  1   0  0   0  0  0  0  0  0/0    17:32   1:46   2:39 
Brian Dumoulin           0  0  0   1  2   0  1  1  0  0  0/0    15:20   0:00   3:00 
Carl Hagelin             1  0  1   0  0   3  0  1  0  0  1/2    19:43   2:15   1:52 
Jayson Megna             0  0  0   0  0   1  3  0  0  0  9/19   17:28   0:00   1:52 
Jonathon Merrill         0  0  0  -3  0   0  0  1  0  0  0/0    18:29   0:00   0:21 
Jordan Oesterle          0  1  1  -3  0   2  2  1  0  0  0/0    19:53   2:12   0:00 
Marcus Foligno           0  0  0  -1  4   0  5  0  0  0  0/2    17:15   2:15   0:21 
Marcus Sorensen          0  0  0  -2  2   0  0  0  0  0  0/1     6:59   1:43   0:00 
Mathew Dumba             0  0  0  -2  0   1  3  1  0  0  0/0    23:32   1:46   2:57 
Michael Frolik           0  0  0  -1  0   1  1  0  0  0  1/2    18:01   1:53   0:00 
Tanner Fritz             0  0  0  -2  0   0  1  1  0  0  4/16    9:07   1:43   0:00 
Tyler Bertuzzi           0  0  0  -2  0   1  2  0  0  0  0/1    17:08   0:00   0:00 
Vladimir Sobotka         1  0  1   0  0   2  0  0  0  0  11/20  13:23   0:00   3:26 

3 Stars

1 - Chris Kreider (NJD)
2 - Niklas Hjalmarsson (NJD)
3 - Mikhail Sergachev (NJD)

Power Play

Devils - 0 on 3 Attempt(s) - 0,00%
Bruins - 0 on 2 Attempt(s) - 0,00%

Penalty Kill

Devils - 2 on 2 Attempt(s) - 100,00% - Score 0 goal in Penalty Kill
Bruins - 3 on 3 Attempt(s) - 100,00% - Score 0 goal in Penalty Kill

Team Stat

Devils - Hits : 34 - Faceoff Wins : 51 - Blocked Shots : 9 - Penalty Minutes : 8
Bruins - Hits : 24 - Faceoff Wins : 37 - Blocked Shots : 9 - Penalty Minutes : 10

Official

Referees : Tim Mayer and Mike Duco
Linesman : Colin Gates and Tyson Baker

Game Notes

Tristan Jarry enters game at 7:16 of 2nd period
Cale Makar is injured at 13:10 of 2nd period (Sprained Left Finger)

% Time on Ice - Devils

Lines # - Real PCT - Wanted PCT - Time Play
Normal Forward
1 - 30% - 33% - 13:49
2 - 29% - 32% - 13:31
3 - 28% - 30% - 12:50
4 - 13% - 5% - 5:57
Normal Defense
1 - 38% - 32% - 17:28
2 - 33% - 32% - 15:19
3 - 27% - 31% - 12:22
4 - 2% - 5% - 0:58
PP Forward
1 - 51% - 60% - 3:01
2 - 49% - 40% - 2:56
PP Defense
1 - 52% - 60% - 3:07
2 - 48% - 40% - 2:50
PK Forward
1 - 78% - 60% - 3:06
2 - 22% - 40% - 0:52
PK Defense
1 - 47% - 60% - 1:51
2 - 53% - 40% - 2:07
PK3 Forward
1 - 0% - 60%
2 - 0% - 40%
PK3 Defense
1 - 0% - 60%
2 - 0% - 40%
44 Forward
1 - 68% - 60% - 2:42
2 - 32% - 40% - 1:16
44 Defense
1 - 32% - 60% - 1:16
2 - 68% - 40% - 2:42
Last Minute Offensive  - 0:00
Last Minute Defensive  - 0:00
Total
Forward - 60:00
Defense - 60:00

% Time on Ice - Bruins

Lines # - Real PCT - Wanted PCT - Time Play
Normal Forward
1 - 37% - 40% - 17:08
2 - 30% - 30% - 13:45
3 - 22% - 20% - 9:57
4 - 11% - 10% - 5:17
Normal Defense
1 - 36% - 40% - 16:45
2 - 35% - 30% - 16:19
3 - 24% - 20% - 10:59
4 - 4% - 10% - 2:04
PP Forward
1 - 57% - 60% - 2:15
2 - 43% - 40% - 1:43
PP Defense
1 - 55% - 60% - 2:12
2 - 45% - 40% - 1:46
PK Forward
1 - 69% - 60% - 4:05
2 - 31% - 40% - 1:52
PK Defense
1 - 50% - 60% - 3:00
2 - 50% - 40% - 2:57
PK3 Forward
1 - 0% - 60%
2 - 0% - 40%
PK3 Defense
1 - 0% - 60%
2 - 0% - 40%
44 Forward
1 - 53% - 60% - 2:07
2 - 47% - 40% - 1:51
44 Defense
1 - 34% - 60% - 1:22
2 - 66% - 40% - 2:36
Last Minute Offensive  - 0:00
Last Minute Defensive  - 0:00
Total
Forward - 60:00
Defense - 60:00

Play-by-Play

1st period


0:01 of 1st period - Adam Henrique wins face-off versus Nicklas Backstrom in neutral zone.
0:22 of 1st period - Tyler Bertuzzi is hit by Cale Makar and loses puck.
0:41 of 1st period - Shot by Adam Henrique.
0:41 of 1st period - Stopped by Jordan Binnington with a rebound.
1:22 of 1st period - Jayson Megna is hit by Justin Schultz and loses puck.
1:45 of 1st period - Shot by Vladimir Sobotka.
1:45 of 1st period - Goal by Vladimir Sobotka - Devils : 0 - Bruins : 1.
1:46 of 1st period - Tyler Bozak wins face-off versus Tanner Fritz in neutral zone.
1:56 of 1st period - Minor Penalty to Brian Dumoulin for Holding.
1:56 of 1st period - Minor Penalty to Pavel Zacha for Holding.
1:57 of 1st period - Nicklas Backstrom wins face-off versus Tanner Fritz in Bruins zone.
2:06 of 1st period - Shot by Nicklas Backstrom.
2:06 of 1st period - Shot Blocked by Brady Skjei.
2:12 of 1st period - Shot by Mike Hoffman.
2:12 of 1st period - Stopped by Michael Hutchinson without a rebound.
2:13 of 1st period - Jayson Megna wins face-off versus Sam Reinhart in Bruins zone.
2:20 of 1st period - Shot by Travis Konecny.
2:20 of 1st period - Shot Blocked by Carl Hagelin.
2:22 of 1st period - Shot by Damon Severson.
2:22 of 1st period - Stopped by Michael Hutchinson without a rebound.
2:23 of 1st period - Nicklas Backstrom wins face-off versus Tanner Fritz in Bruins zone.
2:32 of 1st period - Shot by Mike Hoffman.
2:32 of 1st period - Shot Misses the Net.
2:53 of 1st period - Icing by Mikhail Sergachev.
2:54 of 1st period - Jayson Megna wins face-off versus Nicklas Backstrom in Devils zone.
4:26 of 1st period - Tyler Bozak is hit by Mathew Dumba and loses puck.
4:50 of 1st period - Brett Pesce is hit by Bryan Little and loses puck.
5:21 of 1st period - Vladimir Sobotka is hit by Brian Boyle and loses puck.
5:36 of 1st period - Shot by Travis Konecny.
5:36 of 1st period - Shot Misses the Net.
5:42 of 1st period - Shot by Travis Konecny.
5:42 of 1st period - Goal by Travis Konecny - Devils : 1 - Bruins : 1.
5:43 of 1st period - Michael Frolik wins face-off versus Tyler Bozak in neutral zone.
6:08 of 1st period - Shot by Jayson Megna.
6:08 of 1st period - Shot Blocked by Jordie Benn.
6:21 of 1st period - Icing by Niklas Hjalmarsson.
6:22 of 1st period - Tyler Bozak wins face-off versus Tanner Fritz in Devils zone.
6:22 of 1st period - Tyler Bozak is hit by Marcus Foligno.
6:27 of 1st period - Minor Penalty to Marcus Foligno for Slashing.
6:28 of 1st period - Nicklas Backstrom wins face-off versus Vladimir Sobotka in Bruins zone.
6:57 of 1st period - Shot by Chris Kreider.
6:57 of 1st period - Deflect By Nicklas Backstrom.
6:57 of 1st period - Stopped by Michael Hutchinson without a rebound.
6:58 of 1st period - Pavel Zacha wins face-off versus Vladimir Sobotka in Bruins zone.
7:13 of 1st period - Shot by Carl Hagelin.
7:13 of 1st period - Shot Misses the Net.
7:21 of 1st period - Shot by Carl Hagelin.
7:21 of 1st period - Shot Misses the Net.
7:35 of 1st period - Icing by Pavel Zacha.
7:36 of 1st period - Pavel Zacha wins face-off versus Vladimir Sobotka in Devils zone.
8:13 of 1st period - Shot by Cale Makar.
8:13 of 1st period - Stopped by Michael Hutchinson without a rebound.
8:14 of 1st period - Vladimir Sobotka wins face-off versus Nicklas Backstrom in Bruins zone.
8:44 of 1st period - Alex Iafallo is hit by Jordie Benn and loses puck.
9:31 of 1st period - Shot by Michael Frolik.
9:31 of 1st period - Shot Blocked by Mikhail Sergachev.
10:09 of 1st period - Shot by Nicklas Backstrom.
10:09 of 1st period - Stopped by Michael Hutchinson with a rebound.
10:33 of 1st period - Brett Pesce is hit by Nicklas Backstrom and loses puck.
10:37 of 1st period - Marcus Foligno is hit by Chris Kreider and loses puck.
10:53 of 1st period - Brendan Lemieux is hit by Damon Severson and loses puck.
10:56 of 1st period - Shot by Vladimir Sobotka.
10:56 of 1st period - Stopped by Jordan Binnington without a rebound.
10:57 of 1st period - Adam Henrique wins face-off versus Tyler Bozak in Devils zone.
11:22 of 1st period - Shot by Alex Iafallo.
11:22 of 1st period - Shot Blocked by Niklas Hjalmarsson.
11:24 of 1st period - Shot by Alex Iafallo.
11:24 of 1st period - Shot Misses the Net.
11:30 of 1st period - Shot by Tyler Bertuzzi.
11:30 of 1st period - Deflect By Adam Henrique.
11:30 of 1st period - Shot Misses the Net.
11:32 of 1st period - Shot by Tyler Bertuzzi.
11:32 of 1st period - Shot Misses the Net.
11:34 of 1st period - Shot by Jordan Oesterle.
11:34 of 1st period - Stopped by Jordan Binnington without a rebound.
11:35 of 1st period - Sam Reinhart wins face-off versus Tanner Fritz in Devils zone.
11:44 of 1st period - Shot by Travis Konecny.
11:44 of 1st period - Shot Misses the Net.
11:56 of 1st period - Shot by Travis Konecny.
11:56 of 1st period - Stopped by Michael Hutchinson with a rebound.
12:00 of 1st period - Shot by Sam Reinhart.
12:00 of 1st period - Stopped by Michael Hutchinson without a rebound.
12:01 of 1st period - Carl Hagelin wins face-off versus Brian Boyle in Bruins zone.
12:03 of 1st period - Michael Frolik is hit by Mathieu Joseph and loses puck.
12:10 of 1st period - Cale Makar is hit by Jayson Megna and loses puck.
13:15 of 1st period - Shot by Travis Konecny.
13:15 of 1st period - Shot Blocked by Jonathon Merrill.
13:17 of 1st period - Shot by Justin Schultz.
13:17 of 1st period - Shot Blocked by Jordan Oesterle.
13:34 of 1st period - Icing by Jonathon Merrill.
13:35 of 1st period - Alex Iafallo wins face-off versus Nicklas Backstrom in Bruins zone.
13:35 of 1st period - Alex Iafallo is hit by Chris Kreider.
13:59 of 1st period - Icing by Niklas Hjalmarsson.
14:00 of 1st period - Vladimir Sobotka wins face-off versus Nicklas Backstrom in Devils zone.
14:41 of 1st period - Brian Dumoulin is hit by Tyler Bozak and loses puck.
14:47 of 1st period - Icing by Brendan Lemieux.
14:48 of 1st period - Vladimir Sobotka wins face-off versus Sam Reinhart in Bruins zone.
15:13 of 1st period - Travis Konecny is hit by Brendan Lemieux and loses puck.
15:19 of 1st period - Justin Schultz is hit by Brian Dumoulin and loses puck.
15:56 of 1st period - Shot by Tyler Bozak.
15:56 of 1st period - Stopped by Michael Hutchinson without a rebound.
15:57 of 1st period - Nicklas Backstrom wins face-off versus Jayson Megna in Bruins zone.
16:03 of 1st period - Carl Hagelin is hit by Niklas Hjalmarsson and loses puck.
16:41 of 1st period - Icing by Niklas Hjalmarsson.
16:42 of 1st period - Adam Henrique wins face-off versus Nicklas Backstrom in Devils zone.
17:05 of 1st period - Shot by Adam Henrique.
17:05 of 1st period - Stopped by Jordan Binnington without a rebound.
17:06 of 1st period - Tyler Bozak wins face-off versus Tanner Fritz in Devils zone.
17:17 of 1st period - Shot by Tyler Bozak.
17:17 of 1st period - Shot Blocked by Tanner Fritz.
17:19 of 1st period - Shot by Mikhail Sergachev.
17:19 of 1st period - Shot Misses the Net.
17:21 of 1st period - Shot by Pavel Zacha.
17:21 of 1st period - Goal by Pavel Zacha - Devils : 2 - Bruins : 1.
17:22 of 1st period - Sam Reinhart wins face-off versus Adam Henrique in neutral zone.
17:37 of 1st period - Shot by Mike Hoffman.
17:37 of 1st period - Goal by Mike Hoffman - Devils : 3 - Bruins : 1.
17:38 of 1st period - Tyler Bozak wins face-off versus Tanner Fritz in neutral zone.
17:38 of 1st period - Pavel Zacha is hit by Marcus Foligno and loses puck.
18:01 of 1st period - Rocco Grimaldi is hit by Marcus Foligno and loses puck.
18:10 of 1st period - Shot by Mikhail Sergachev.
18:10 of 1st period - Shot Misses the Net.
18:12 of 1st period - Shot by Mikhail Sergachev.
18:12 of 1st period - Stopped by Michael Hutchinson without a rebound.
18:13 of 1st period - Sam Reinhart wins face-off versus Adam Henrique in Bruins zone.
18:20 of 1st period - Alex Iafallo is hit by Travis Konecny and loses puck.
18:27 of 1st period - Shot by Travis Konecny.
18:27 of 1st period - Stopped by Michael Hutchinson without a rebound.
18:28 of 1st period - Nicklas Backstrom wins face-off versus Jayson Megna in Bruins zone.
18:28 of 1st period - Nicklas Backstrom is hit by Mathew Dumba.
18:53 of 1st period - Shot by Carl Hagelin.
18:53 of 1st period - Shot Misses the Net.
18:55 of 1st period - Shot by Jayson Megna.
18:55 of 1st period - Stopped by Jordan Binnington with a rebound.
18:58 of 1st period - Jayson Megna is hit by Jordie Benn and loses puck.
19:01 of 1st period - Shot by Carl Hagelin.
19:01 of 1st period - Shot Misses the Net.
19:26 of 1st period - Mikhail Sergachev is hit by Michael Frolik and loses puck.
19:36 of 1st period - Off-side.
19:37 of 1st period - Tyler Bozak wins face-off versus Adam Henrique in neutral zone.
Goals for this period are 3 for Devils vs 1 for Bruins.
Shots for this period are 13 for Devils vs 6 for Bruins.

2nd period


0:01 of 2nd period - Mike Hoffman wins face-off versus Adam Henrique in neutral zone.
0:37 of 2nd period - Shot by Sam Reinhart.
0:37 of 2nd period - Shot Hit the Post.
1:13 of 2nd period - Shot by Carl Hagelin.
1:13 of 2nd period - Shot Misses the Net.
2:22 of 2nd period - Off-side.
2:23 of 2nd period - Adam Henrique wins face-off versus Chris Kreider in neutral zone.
2:44 of 2nd period - Tyler Bertuzzi is hit by Chris Kreider and loses puck.
2:58 of 2nd period - Shot by Chris Kreider.
2:58 of 2nd period - Shot Blocked by Brady Skjei.
3:48 of 2nd period - Brendan Lemieux is hit by Niklas Hjalmarsson and loses puck.
4:01 of 2nd period - Jordan Oesterle is hit by Chris Kreider.
4:08 of 2nd period - Jonathon Merrill is hit by Jordie Benn and loses puck.
4:12 of 2nd period - Minor Penalty to Marcus Sorensen for High sticking.
4:12 of 2nd period - Minor Penalty to Jordie Benn for Roughing.
4:13 of 2nd period - Sam Reinhart wins face-off versus Tanner Fritz in Devils zone.
5:20 of 2nd period - Shot by Justin Schultz.
5:20 of 2nd period - Stopped by Michael Hutchinson without a rebound.
5:21 of 2nd period - Tanner Fritz wins face-off versus Pavel Zacha in Bruins zone.
6:10 of 2nd period - Icing by Justin Schultz.
6:11 of 2nd period - Pavel Zacha wins face-off versus Jayson Megna in Devils zone.
6:15 of 2nd period - Justin Schultz is hit by Tyler Bertuzzi and loses puck.
6:28 of 2nd period - Shot by Adam Henrique.
6:28 of 2nd period - Deflect By Alex Iafallo.
6:28 of 2nd period - Stopped by Jordan Binnington without a rebound.
6:29 of 2nd period - Vladimir Sobotka wins face-off versus Brian Boyle in Devils zone.
6:36 of 2nd period - Shot by Marcus Foligno.
6:36 of 2nd period - Shot Misses the Net.
7:04 of 2nd period - Icing by Vladimir Sobotka.
7:05 of 2nd period - Nicklas Backstrom wins face-off versus Vladimir Sobotka in Bruins zone.
7:06 of 2nd period - Shot by Josh Bailey.
7:06 of 2nd period - Shot Misses the Net.
7:08 of 2nd period - Shot by Niklas Hjalmarsson.
7:08 of 2nd period - Stopped by Michael Hutchinson without a rebound.
7:09 of 2nd period - Chris Kreider wins face-off versus Adam Henrique in Bruins zone.
7:14 of 2nd period - Shot by Nicklas Backstrom.
7:14 of 2nd period - Stopped by Michael Hutchinson with a rebound.
7:16 of 2nd period - Shot by Chris Kreider.
7:16 of 2nd period - Goal by Chris Kreider - Devils : 4 - Bruins : 1.
7:16 of 2nd period - Tristan Jarry enters game.
7:17 of 2nd period - Tyler Bozak wins face-off versus Adam Henrique in neutral zone.
7:24 of 2nd period - Shot by Pavel Zacha.
7:24 of 2nd period - Stopped by Tristan Jarry without a rebound.
7:25 of 2nd period - Sam Reinhart wins face-off versus Adam Henrique in Bruins zone.
7:33 of 2nd period - Icing by Mathew Dumba.
7:34 of 2nd period - Rocco Grimaldi wins face-off versus Alex Iafallo in Bruins zone.
7:42 of 2nd period - Pavel Zacha is hit by Brady Skjei and loses puck.
7:46 of 2nd period - Icing by Alex Iafallo.
7:47 of 2nd period - Adam Henrique wins face-off versus Sam Reinhart in Bruins zone.
7:56 of 2nd period - Shot by Adam Henrique.
7:56 of 2nd period - Stopped by Jordan Binnington without a rebound.
7:57 of 2nd period - Jayson Megna wins face-off versus Pavel Zacha in Devils zone.
7:57 of 2nd period - Minor Penalty to Mikhail Sergachev for Interference.
7:58 of 2nd period - Tyler Bozak wins face-off versus Carl Hagelin in Devils zone.
8:15 of 2nd period - Shot by Jordan Oesterle.
8:15 of 2nd period - Shot Blocked by Jordie Benn.
9:07 of 2nd period - Shot by Justin Schultz.
9:07 of 2nd period - Shot Misses the Net.
9:26 of 2nd period - Shot by Mathew Dumba.
9:26 of 2nd period - Shot Blocked by Damon Severson.
9:59 of 2nd period - Marcus Foligno is hit by Mikhail Sergachev and loses puck.
10:01 of 2nd period - Minor Penalty to Alex Iafallo for Hooking.
10:02 of 2nd period - Vladimir Sobotka wins face-off versus Nicklas Backstrom in Bruins zone.
10:02 of 2nd period - Vladimir Sobotka is hit by Chris Kreider.
10:30 of 2nd period - Shot by Nicklas Backstrom.
10:30 of 2nd period - Stopped by Tristan Jarry with a rebound.
10:32 of 2nd period - Shot by Mikhail Sergachev.
10:32 of 2nd period - Stopped by Tristan Jarry without a rebound.
10:33 of 2nd period - Vladimir Sobotka wins face-off versus Pavel Zacha in Bruins zone.
10:33 of 2nd period - Vladimir Sobotka is hit by Mike Hoffman.
11:45 of 2nd period - Sam Reinhart is hit by Brendan Lemieux.
12:06 of 2nd period - Mathieu Joseph is hit by Jordan Oesterle and loses puck.
12:09 of 2nd period - Shot by Mathieu Joseph.
12:09 of 2nd period - Deflect By Brian Boyle.
12:09 of 2nd period - Shot Misses the Net.
12:11 of 2nd period - Shot by Brian Boyle.
12:11 of 2nd period - Stopped by Tristan Jarry with a rebound.
12:18 of 2nd period - Mathieu Joseph is hit by Jordan Oesterle and loses puck.
12:36 of 2nd period - Brian Boyle is hit by Tanner Fritz and loses puck.
12:40 of 2nd period - Minor Penalty to Marcus Foligno for Tripping.
12:41 of 2nd period - Pavel Zacha wins face-off versus Jayson Megna in Bruins zone.
13:09 of 2nd period - Cale Makar is hit by Mathew Dumba and loses puck.
13:10 of 2nd period - Cale Makar from Devils is injured at 13:10 of 2nd period (Sprained Left Finger).
13:11 of 2nd period - Jayson Megna wins face-off versus Nicklas Backstrom in Bruins zone.
14:04 of 2nd period - Shot by Pavel Zacha.
14:04 of 2nd period - Shot Misses the Net.
14:06 of 2nd period - Shot by Niklas Hjalmarsson.
14:06 of 2nd period - Shot Misses the Net.
14:41 of 2nd period - Off-side.
14:42 of 2nd period - Tanner Fritz wins face-off versus Brian Boyle in neutral zone.
15:27 of 2nd period - Icing by Tanner Fritz.
15:28 of 2nd period - Tanner Fritz wins face-off versus Nicklas Backstrom in Bruins zone.
16:46 of 2nd period - Icing by Jordie Benn.
16:47 of 2nd period - Vladimir Sobotka wins face-off versus Josh Bailey in Devils zone.
17:27 of 2nd period - Off-side.
17:28 of 2nd period - Jayson Megna wins face-off versus Sam Reinhart in neutral zone.
17:34 of 2nd period - Carl Hagelin is hit by Mikhail Sergachev and loses puck.
17:58 of 2nd period - Carl Hagelin is hit by Mikhail Sergachev and loses puck.
19:22 of 2nd period - Shot by Bryan Little.
19:22 of 2nd period - Stopped by Tristan Jarry without a rebound.
19:23 of 2nd period - Brian Boyle wins face-off versus Tanner Fritz in Bruins zone.
Goals for this period are 1 for Devils vs 0 for Bruins.
Shots for this period are 9 for Devils vs 2 for Bruins.

3rd period


0:01 of 3rd period - Tyler Bozak wins face-off versus Adam Henrique in neutral zone.
0:06 of 3rd period - Shot by Rocco Grimaldi.
0:06 of 3rd period - Shot Blocked by Brady Skjei.
0:11 of 3rd period - Off-side.
0:12 of 3rd period - Jayson Megna wins face-off versus Sam Reinhart in neutral zone.
0:12 of 3rd period - Jayson Megna is hit by Mike Hoffman.
0:17 of 3rd period - Jordan Oesterle is hit by Sam Reinhart and loses puck.
0:21 of 3rd period - Jordan Oesterle is hit by Travis Konecny and loses puck.
0:29 of 3rd period - Icing by Mike Hoffman.
0:30 of 3rd period - Adam Henrique wins face-off versus Sam Reinhart in Devils zone.
0:30 of 3rd period - Alex Iafallo is hit by Niklas Hjalmarsson and loses puck.
0:38 of 3rd period - Alex Iafallo is hit by Niklas Hjalmarsson and loses puck.
0:43 of 3rd period - Shot by Adam Henrique.
0:43 of 3rd period - Stopped by Jordan Binnington without a rebound.
0:44 of 3rd period - Rocco Grimaldi wins face-off versus Jayson Megna in Devils zone.
0:44 of 3rd period - Rocco Grimaldi is hit by Jayson Megna.
1:06 of 3rd period - Shot by Carl Hagelin.
1:06 of 3rd period - Stopped by Jordan Binnington without a rebound.
1:07 of 3rd period - Sam Reinhart wins face-off versus Adam Henrique in Devils zone.
1:07 of 3rd period - Sam Reinhart is hit by Tyler Bertuzzi.
1:21 of 3rd period - Shot by Mike Hoffman.
1:21 of 3rd period - Stopped by Tristan Jarry without a rebound.
1:22 of 3rd period - Nicklas Backstrom wins face-off versus Vladimir Sobotka in Bruins zone.
1:28 of 3rd period - Marcus Foligno is hit by Mikhail Sergachev.
1:39 of 3rd period - Off-side.
1:40 of 3rd period - Tyler Bozak wins face-off versus Tyler Bertuzzi in neutral zone.
2:43 of 3rd period - Icing by Mikhail Sergachev.
2:44 of 3rd period - Jayson Megna wins face-off versus Sam Reinhart in Devils zone.
2:44 of 3rd period - Jayson Megna is hit by Mikhail Sergachev.
3:11 of 3rd period - Icing by Justin Schultz.
3:12 of 3rd period - Vladimir Sobotka wins face-off versus Sam Reinhart in Devils zone.
3:17 of 3rd period - Shot by Brendan Lemieux.
3:17 of 3rd period - Shot Blocked by Mikhail Sergachev.
3:26 of 3rd period - Off-side.
3:27 of 3rd period - Nicklas Backstrom wins face-off versus Tanner Fritz in neutral zone.
3:40 of 3rd period - Shot by Josh Bailey.
3:40 of 3rd period - Stopped by Tristan Jarry with a rebound.
3:42 of 3rd period - Shot by Niklas Hjalmarsson.
3:42 of 3rd period - Goal by Niklas Hjalmarsson - Devils : 5 - Bruins : 1.
3:43 of 3rd period - Tyler Bozak wins face-off versus Jayson Megna in neutral zone.
3:43 of 3rd period - Tyler Bozak is hit by Jayson Megna.
4:37 of 3rd period - Shot by Travis Konecny.
4:37 of 3rd period - Shot Misses the Net.
4:39 of 3rd period - Shot by Travis Konecny.
4:39 of 3rd period - Shot Misses the Net.
4:41 of 3rd period - Shot by Sam Reinhart.
4:41 of 3rd period - Stopped by Tristan Jarry without a rebound.
4:42 of 3rd period - Nicklas Backstrom wins face-off versus Vladimir Sobotka in Bruins zone.
5:26 of 3rd period - Icing by Jonathon Merrill.
5:27 of 3rd period - Vladimir Sobotka wins face-off versus Sam Reinhart in Bruins zone.
6:38 of 3rd period - Off-side.
6:39 of 3rd period - Tanner Fritz wins face-off versus Tyler Bozak in neutral zone.
7:12 of 3rd period - Shot by Tyler Bozak.
7:12 of 3rd period - Shot Misses the Net.
7:36 of 3rd period - Icing by Michael Frolik.
7:37 of 3rd period - Nicklas Backstrom wins face-off versus Jayson Megna in Bruins zone.
7:54 of 3rd period - Shot by Carl Hagelin.
7:54 of 3rd period - Shot Misses the Net.
7:56 of 3rd period - Shot by Jordan Oesterle.
7:56 of 3rd period - Shot Blocked by Josh Bailey.
7:58 of 3rd period - Shot by Carl Hagelin.
7:58 of 3rd period - Goal by Carl Hagelin - Devils : 5 - Bruins : 2.
7:59 of 3rd period - Brian Boyle wins face-off versus Adam Henrique in neutral zone.
8:17 of 3rd period - Shot by Adam Henrique.
8:17 of 3rd period - Shot Misses the Net.
8:19 of 3rd period - Shot by Tyler Bertuzzi.
8:19 of 3rd period - Shot Misses the Net.
8:27 of 3rd period - Shot by Adam Henrique.
8:27 of 3rd period - Stopped by Jordan Binnington without a rebound.
8:28 of 3rd period - Jayson Megna wins face-off versus Sam Reinhart in Devils zone.
8:37 of 3rd period - Shot by Michael Frolik.
8:37 of 3rd period - Stopped by Jordan Binnington without a rebound.
8:38 of 3rd period - Vladimir Sobotka wins face-off versus Nicklas Backstrom in Devils zone.
9:02 of 3rd period - Icing by Jordan Oesterle.
9:03 of 3rd period - Tyler Bozak wins face-off versus Vladimir Sobotka in Bruins zone.
9:15 of 3rd period - Icing by Jonathon Merrill.
9:16 of 3rd period - Vladimir Sobotka wins face-off versus Sam Reinhart in Bruins zone.
9:16 of 3rd period - Brendan Lemieux is hit by Travis Konecny and loses puck.
10:16 of 3rd period - Shot by Adam Henrique.
10:16 of 3rd period - Shot Misses the Net.
10:36 of 3rd period - Shot by Justin Schultz.
10:36 of 3rd period - Stopped by Tristan Jarry without a rebound.
10:37 of 3rd period - Nicklas Backstrom wins face-off versus Jayson Megna in Bruins zone.
10:47 of 3rd period - Minor Penalty to Damon Severson for Roughing.
10:48 of 3rd period - Tyler Bozak wins face-off versus Tanner Fritz in Devils zone.
11:15 of 3rd period - Shot by Jordan Oesterle.
11:15 of 3rd period - Stopped by Jordan Binnington without a rebound.
11:16 of 3rd period - Brian Boyle wins face-off versus Marcus Foligno in Devils zone.
11:31 of 3rd period - Shot by Mathew Dumba.
11:31 of 3rd period - Stopped by Jordan Binnington without a rebound.
11:32 of 3rd period - Brian Boyle wins face-off versus Marcus Foligno in Devils zone.
11:32 of 3rd period - Brian Boyle is hit by Marcus Foligno.
12:29 of 3rd period - Off-side.
12:30 of 3rd period - Tyler Bozak wins face-off versus Brendan Lemieux in neutral zone.
12:38 of 3rd period - Icing by Brady Skjei.
12:39 of 3rd period - Tyler Bozak wins face-off versus Marcus Sorensen in Bruins zone.
12:39 of 3rd period - Tyler Bozak is hit by Brady Skjei.
12:51 of 3rd period - Shot by Mike Hoffman.
12:51 of 3rd period - Shot Misses the Net.
13:01 of 3rd period - Shot by Alex Iafallo.
13:01 of 3rd period - Deflect By Tyler Bertuzzi.
13:01 of 3rd period - Stopped by Jordan Binnington without a rebound.
13:02 of 3rd period - Nicklas Backstrom wins face-off versus Vladimir Sobotka in Devils zone.
13:02 of 3rd period - Nicklas Backstrom is hit by Brendan Lemieux.
13:05 of 3rd period - Damon Severson is hit by Marcus Foligno and loses puck.
13:27 of 3rd period - Brendan Lemieux is hit by Niklas Hjalmarsson and loses puck.
14:03 of 3rd period - Shot by Alex Iafallo.
14:03 of 3rd period - Shot Misses the Net.
14:20 of 3rd period - Shot by Adam Henrique.
14:20 of 3rd period - Stopped by Jordan Binnington without a rebound.
14:21 of 3rd period - Jayson Megna wins face-off versus Tyler Bozak in Devils zone.
14:22 of 3rd period - Shot by Jordan Oesterle.
14:22 of 3rd period - Shot Blocked by Tyler Bozak.
14:40 of 3rd period - Shot by Tyler Bozak.
14:40 of 3rd period - Shot Misses the Net.
14:42 of 3rd period - Shot by Damon Severson.
14:42 of 3rd period - Stopped by Tristan Jarry without a rebound.
14:43 of 3rd period - Brian Boyle wins face-off versus Tanner Fritz in Bruins zone.
14:48 of 3rd period - Shot by Bryan Little.
14:48 of 3rd period - Shot Blocked by Mathew Dumba.
14:50 of 3rd period - Shot by Bryan Little.
14:50 of 3rd period - Stopped by Tristan Jarry without a rebound.
14:51 of 3rd period - Adam Henrique wins face-off versus Sam Reinhart in Bruins zone.
14:56 of 3rd period - Mike Hoffman is hit by Adam Henrique.
15:02 of 3rd period - Shot by Travis Konecny.
15:02 of 3rd period - Shot Misses the Net.
15:11 of 3rd period - Icing by Mathew Dumba.
15:12 of 3rd period - Adam Henrique wins face-off versus Tyler Bozak in Bruins zone.
15:27 of 3rd period - Shot by Niklas Hjalmarsson.
15:27 of 3rd period - Stopped by Tristan Jarry with a rebound.
16:04 of 3rd period - Shot by Jayson Megna.
16:04 of 3rd period - Shot Misses the Net.
16:38 of 3rd period - Shot by Chris Kreider.
16:38 of 3rd period - Goal by Chris Kreider - Devils : 6 - Bruins : 2.
16:39 of 3rd period - Sam Reinhart wins face-off versus Vladimir Sobotka in neutral zone.
16:46 of 3rd period - Shot by Travis Konecny.
16:46 of 3rd period - Deflect By Mike Hoffman.
16:46 of 3rd period - Shot Misses the Net.
16:48 of 3rd period - Shot by Damon Severson.
16:48 of 3rd period - Shot Misses the Net.
16:50 of 3rd period - Shot by Travis Konecny.
16:50 of 3rd period - Shot Blocked by Brian Dumoulin.
17:17 of 3rd period - Off-side.
17:18 of 3rd period - Nicklas Backstrom wins face-off versus Adam Henrique in neutral zone.
17:24 of 3rd period - Alex Iafallo is hit by Damon Severson and loses puck.
17:28 of 3rd period - Icing by Damon Severson.
17:29 of 3rd period - Adam Henrique wins face-off versus Chris Kreider in Devils zone.
17:41 of 3rd period - Off-side.
17:42 of 3rd period - Tyler Bozak wins face-off versus Jayson Megna in neutral zone.
17:47 of 3rd period - Jayson Megna is hit by Rocco Grimaldi and loses puck.
18:07 of 3rd period - Shot by Carl Hagelin.
18:07 of 3rd period - Shot Blocked by Pavel Zacha.
18:13 of 3rd period - Shot by Michael Frolik.
18:13 of 3rd period - Shot Misses the Net.
18:15 of 3rd period - Shot by Michael Frolik.
18:15 of 3rd period - Deflect By Carl Hagelin.
18:15 of 3rd period - Stopped by Jordan Binnington without a rebound.
18:16 of 3rd period - Adam Henrique wins face-off versus Nicklas Backstrom in Devils zone.
18:21 of 3rd period - Shot by Adam Henrique.
18:21 of 3rd period - Shot Misses the Net.
18:23 of 3rd period - Shot by Alex Iafallo.
18:23 of 3rd period - Stopped by Jordan Binnington without a rebound.
18:24 of 3rd period - Sam Reinhart wins face-off versus Adam Henrique in Devils zone.
18:48 of 3rd period - Shot by Adam Henrique.
18:48 of 3rd period - Deflect By Alex Iafallo.
18:48 of 3rd period - Shot Misses the Net.
19:02 of 3rd period - Shot by Tyler Bertuzzi.
19:02 of 3rd period - Deflect By Alex Iafallo.
19:02 of 3rd period - Stopped by Jordan Binnington without a rebound.
19:03 of 3rd period - Nicklas Backstrom wins face-off versus Michael Frolik in Devils zone.
19:19 of 3rd period - Icing by Brett Pesce.
19:20 of 3rd period - Tyler Bozak wins face-off versus Jayson Megna in Bruins zone.
Goals for this period are 2 for Devils vs 1 for Bruins.
Shots for this period are 9 for Devils vs 12 for Bruins.